 Dungeon Crawl Stone Soup version 0.20-a0-420-g83c570d (webtiles) character file.

239084 Gorice the Acrobat (level 20, -6/129 HPs)
             Began as a Kobold Arcane Marksman on Dec 29, 2016.
             Was the Champion of Okawaru.
             Killed by the air
             ... invoked by a wind drake
              (12 damage)
             ... on level 4 of the Shoals on Dec 31, 2016.
             The game lasted 05:06:00 (48516 turns).

Gorice the Acrobat (Kobold Arcane Marksman)        Turns: 48516, Time: 05:06:01

Health: -6/129     AC: 21    Str: 16    XL:     20   Next: 54%
Magic:  27/27      EV: 42    Int: 10    God:    Okawaru [******]
Gold:   2305       SH:  0    Dex: 30    Spells: 20/21 levels left

rFire  . . .     SeeInvis +     a - +10 lajatang "Giant's Death" {slice, rC+ rN+++ Int-4}
rCold  + . .     Gourm    .     L - +4 scale mail of the Grue {rElec Regen+}
rNeg   + + +     Faith    .     (shield currently unavailable)
rPois  +         Spirit   .     S - +1 hat "Roses" {Dex+3 SInv}
rElec  +         Reflect  .     g - +0 cloak
rCorr  .         Harm     .     I - +1 pair of gloves
MR     +....                    r - +0 pair of boots {Fly}
Stlth  ++++++....               (no amulet)
                                D - +6 ring of dexterity
                                p - ring of poison resistance

@: agile, heroism, flying
A: hooves 1, carnivore 3, mutation resistance 1
}: 1/15 runes: serpentine
a: Heroism, Finesse, Renounce Religion, Stop Flying


You were on level 4 of the Shoals.
You worshipped Okawaru.
Okawaru was exalted by your worship.
You were very full.

You visited 6 branches of the dungeon, and saw 32 of its levels.
You also visited: Labyrinth and Ice Cave.

You collected 3336 gold pieces.
You spent 1031 gold pieces at shops.

Inventory:

Hand Weapons
 a - the +10 lajatang "Giant's Death" (weapon) {slice, rC+ rN+++ Int-4}
   (You found it in a labyrinth)

   It inflicts extra damage upon your enemies.
   It affects your intelligence (-4).
   It protects you from cold.
   It renders you almost immune to negative energy.
 b - a +2 arbalest of flaming
   (Okawaru gifted it to you on level 4 of the Snake Pit)
 c - the +9 heavy crossbow "Sniper" {velocity, nevermiss, SInv}
   (You found it on level 1 of the Shoals)

   Any bolt fired from it inflicts extra damage.
   It lets you see invisible.
 B - a +0 blowgun
Missiles
 e - 8 curare-tipped needles
 H - 571 bolts
 Y - 9 throwing nets (quivered)
Armour
 g - a +0 cloak (worn)
 r - a +0 pair of boots of flying (worn)
   (You bought it in a shop on level 2 of the Orcish Mines)
 I - a +1 pair of gloves (worn)
 L - the +4 scale mail of the Grue (worn) {rElec Regen+}
   (You found it in a labyrinth)

   It insulates you from electricity.
   It increases your rate of regeneration.
 S - the +1 hat "Roses" (worn) {Dex+3 SInv}
   (Okawaru gifted it to you on level 2 of the Shoals)

   It affects your dexterity (+3).
   It lets you see invisible.
Jewellery
 m - an uncursed ring of protection from magic
 p - a ring of poison resistance (left hand)
 C - an uncursed ring of ice
 D - a +6 ring of dexterity (right hand)
 F - an uncursed ring of protection from fire
Wands
 n - a wand of disintegration (14/24)
 w - a wand of paralysis (17/24)
 E - a wand of acid (11/15)
 G - a wand of iceblast (5/15)
 K - a wand of iceblast (9/15)
 M - a wand of iceblast (6/15)
 N - a wand of acid (3/15)
Scrolls
 d - 3 scrolls of fear {!r}
 h - 4 scrolls of magic mapping {!r}
 j - a scroll of fog
 k - 9 scrolls of remove curse
 s - a scroll of recharging
 v - 5 scrolls of teleportation {!r}
 J - 6 scrolls of blinking
 P - 10 scrolls of identify
 R - a scroll of enchant armour
Potions
 o - 2 potions of ambrosia
 q - a potion of heal wounds {!q}
 t - 3 potions of agility {!q}
 u - 8 potions of curing
 y - 3 potions of haste {!q}
 z - 6 potions of might {!q}
 A - a potion of cancellation {!q}
 O - a potion of invisibility {!q}
 U - 4 potions of resistance {!q}
Books
 x - a book of the Sky
Miscellaneous
 i - a fan of gales
Comestibles
 f - 22 meat rations {!e}
 Q - 10 beef jerkies


   Skills:
 + Level 15.2(20.2) Fighting
 - Level 14.0(19.0) Staves
 * Level 15.8(20.8) Crossbows
 - Level 10.5(15.5) Armour
 - Level 21.6(26.6) Dodging
 - Level 10.0(15.0) Stealth
 - Level 1.1 Spellcasting
 - Level 3.0 Hexes
 - Level 8.4 Invocations
 - Level 10.0 Evocations


You had 20 spell levels left.
You knew the following spells:

 Your Spells              Type           Power        Failure   Level  Hunger
a - Corona                Hex            #......      28%         1    ##.....


Dungeon Overview and Level Annotations

Branches:
Dungeon (15/15)            Temple (1/1) D:4            Lair (6/6) D:10
 Shoals (4/4) Lair:3        Snake (4/4) Lair:4        Slime (0/5) Lair:5
    Orc (2/2) D:9             Elf (0/3) Orc:2        Vaults (0/5) D:13
 Depths (0/5) D:15

Altars:
Ashenzari
Cheibriados
Dithmenos
Elyvilon
Fedhas
Gozag
Hepliaklqana
Kikubaaqudgha
Makhleb
Nemelex Xobeh
Okawaru
Qazlal
Ru
Sif Muna
Trog
Uskayaw
Vehumet
Xom
Yredelemnul
Zin
The Shining One
Beogh
Lugonu

Shops:
D:7 %   Orc:2 *(:[   Shoals:3 (

Annotations:
Shoals:1 exclusions: Roxanne and kraken, Roxanne
Shoals:4 exclusion: oklob plant, Ilsuiw
Orc:2 vpUX: Roka!, Saint Roka


Innate Abilities, Weirdness & Mutations

You are small and have problems with some larger weapons.
You are carnivorous and can eat meat at any time.
You have large cloven feet.
You are somewhat resistant to further mutation.


Message History

The javelin completely misses you.
You hear a splash.
Unknown command.
The merfolk avatar chants its luring song.
You barely miss the merfolk avatar.
The merfolk avatar is severely wounded.
The drowned soul returns to the deep!
The merfolk avatar chants its luring song.
You slice the merfolk avatar!!
You break out of your daze!
You kill the merfolk avatar!
Okawaru accepts your kill.
The drowned soul returns to the deep! x3
The merfolk javelineer throws a javelin.
The javelin barely misses you.
You hear a splash.
You feel more confident with your borrowed prowess.
Really read
v - 6 scrolls of teleportation {!r}?
As you read the scroll of teleportation {!r}, it crumbles to dust.
You feel strangely unstable.
The merfolk javelineer throws a javelin.
The javelin completely misses you.
You hear a splash.
Unknown command.
As you read the scroll of fog, it crumbles to dust.
The scroll dissolves into smoke.
The merfolk javelineer throws a javelin.
The javelin hits you but does no damage.
You hear a splash.
You see here a javelin.
The merfolk impaler completely misses you.
You see here a javelin.
You closely miss the merfolk impaler. The merfolk impaler misses you.
You slice the merfolk impaler!!
The merfolk impaler is heavily wounded.
Your surroundings suddenly seem different.
The merfolk aquamancer picks up some gold.
A merfolk aquamancer comes into view. It is wielding a rapier of distortion.
Unknown command.
Unknown command.
Found a long sword and a mace.
Ilsuiw, Witch of the Tides comes into view.
She is wielding a trident of freezing.
Ilsuiw shouts!
You see here 30 stones.
The wind drake flaps its wings at you.
The air twists around and violently strikes you in flight!
* * * LOW HITPOINT WARNING * * *
The wind drake flaps its wings at you.
The air twists around and violently strikes you in flight!
You die...

≈≈≈≈.....≈≈≈≈≈..#
≈≈≈≈.....≈≈≈≈≈..#
≈≈≈≈......≈≈≈...#
≈≈≈.......≈≈....#
≈≈........k.≈....#
≈≈...............≈#
...m......m............≈## .#.
.............(.(........≈## .#
..............%.@.......≈≈######≈
$..............(.........≈≈≈≈≈...
..........................≈≈.....
..............(..................
..............)(.................
...........(..((.≈...............
..........(......≈..(............
.................)(....%.........
........)..≈≈≈≈≈≈≈≈.(............


You could see Ilsuiw and a wind drake.

Vanquished Creatures
  Mara (Snake:3)
  Vashnia (Snake:3)
  Jorgrun (Snake:4)
  Frances (Shoals:1)
  Polyphemus (Shoals:3)
  Kirke (Shoals:3)
  6 nagarajas
  Donald (Shoals:3)
  An orc warlord (Orc:2)
  Aizul (Snake:4)
  A stone giant (Orc:2)
  Snorg (D:13)
  An ettin (D:15)
  A minotaur (Lab)
  The ghost of Kidiri the Thaumaturge, a journeyman DEFE of Vehumet (Orc:1)
  2 merfolk javelineers (Shoals:2)
  6 merfolk impalers
  3 vault guards (D:13)
  11 naga warriors
  5 centaur warriors
  14 anacondas
  2 hydras
  2 ogre magi (D:15)
  4 merfolk aquamancers
  4 catoblepae
  4 merfolk avatars
  2 satyrs
  13 two-headed ogres
  13 death yaks
  3 orc high priests
  5 shock serpents
  2 tengu warriors (D:13)
  21 naga sharpshooters
  Sonja (D:11)
  4 skeletal warriors (D:12)
  5 salamander mystics
  6 unseen horrors
  16 sea snakes
  Pikel (D:7)
  6 naga ritualists
  3 orc knights
  A harpy (Shoals:4)
  An orb spider (shapeshifter) (D:15)
  4 wizards
  A mana viper (shapeshifter) (D:15)
  2 necromancers (D:13)
  16 mana vipers
  7 ugly things
  11 salamanders
  4 cyclopes
  11 manticores
  13 fauns
  4 orc sorcerers
  6 merfolk sirens
  8 guardian serpents
  17 elephants
  46 black mambas
  2 water nymphs
  The ghost of namnharef the Chopper, a novice HOBe of Trog (D:8)
  16 spiny frogs
  20 naga magi
  2 ice statues (IceCv)
  4 gargoyles
  A torpor snail (Lair:5)
  A kobold demonologist (D:11)
  3 rime drakes
  A redback zombie (D:13)
  An efreet (D:13)
  11 komodo dragons
  8 polar bears
  5 trolls
  A harpy zombie (D:15)
  A hornet (D:9)
  6 wind drakes
  23 merfolk
  30 blink frogs
  12 dream sheep (Lair:6)
  9 snapping turtles
  7 hippogriffs
  8 slime creatures
  8 water elementals
  3 wraiths
  2 wyverns
  17 humans (D:13)
  50 yaks
  7 basilisks
  5 hungry ghosts
  9 vampire mosquitoes
  3 wargs
  9 swamp worms (Lair:5)
  59 nagas
  2 hell hounds (D:9)
  21 water moccasins
  11 porcupines
  46 orc warriors
  12 ice beasts
  4 sky beasts
  4 phantoms
  A necrophage (D:9)
  17 ogres
  18 centaurs
  18 wolves
  13 crocodiles
  3 big kobolds
  16 bullfrogs
  4 scorpions
  18 killer bees
  18 wights
  7 electric eels
  13 howler monkeys
  A lava snake (Lair:6)
  3 centaur zombies
  7 crimson imps
  4 jellies
  12 orc priests
  3 hounds
  2 bullfrog skeletons
  5 centaur skeletons
  19 orc wizards
  Jessica (D:9)
  Ijyb (D:3)
  9 worker ants
  Natasha (thrice) (D:3)
  7 iguanas
  3 hound skeletons
  2 worker ant zombies
  18 adders
  3 gnolls (D:7)
  2 shadow imps
  12 white imps (D:13)
  An adder zombie (D:3)
  2 adder skeletons
  11 worms
  2 dart slugs (D:1)
  4 leopard geckos
  78 orcs
  3 giant cockroaches
  12 goblins
  7 hobgoblins
  13 jackals
  A quokka (D:5)
  4 bats
  2 frilled lizards (D:3)
  A giant cockroach zombie (D:3)
  A jackal skeleton (D:3)
  20 kobolds
  3 leopard gecko skeletons
  A quokka skeleton (D:4)
  2 quokka zombies
  5 rats
  A withered plant (D:7)
1212 creatures vanquished.

Vanquished Creatures (collateral kills)
  A merfolk javelineer (Shoals:4)
  A sea snake (Shoals:4)
2 creatures vanquished.

Vanquished Creatures (others)
  2 humans (Shoals:3)
  A slave (D:7)
  A sky beast (D:13)
  A gnoll (D:7)
  An orc (Orc:1)
  A bush (Lair:3)
  24 fungi
  33 plants
64 creatures vanquished.

Grand Total: 1278 creatures vanquished

Notes
Turn   | Place    | Note
-------+----------+-------------------------------------------
     0 | D:1      | Gorice the Kobold Arcane Marksman began the quest for the Orb.
     0 | D:1      | Reached XP level 1. HP: 12/12 MP: 2/2
    72 | D:1      | Reached skill level 3 in Crossbows
    76 | D:1      | Reached XP level 2. HP: 16/16 MP: 1/3
   691 | D:1      | Reached XP level 3. HP: 14/20 MP: 2/4
   761 | D:2      | Reached skill level 4 in Crossbows
  1099 | D:2      | Found a glowing golden altar of the Shining One.
  1118 | D:2      | Found a bloodstained altar of Trog.
  1128 | D:2      | Found a basalt altar of Yredelemnul.
  1139 | D:2      | Found a shattered altar of Ashenzari.
  1846 | D:3      | Reached XP level 4. HP: 23/25 MP: 0/5
  1872 | D:3      | Reached skill level 5 in Crossbows
  2229 | D:3      | Noticed Natasha
  2236 | D:3      | Killed Natasha
  2236 | D:3      | Reached XP level 5. HP: 27/29 MP: 4/6
  2304 | D:3      | Reached skill level 6 in Crossbows
  2338 | D:3      | Noticed Ijyb
  2352 | D:3      | Killed Ijyb
  2376 | D:3      | Noticed Natasha
  2381 | D:3      | Killed Natasha
  2667 | D:3      | Noticed Natasha
  2680 | D:3      | Killed Natasha
  2680 | D:3      | Reached skill level 7 in Crossbows
  2680 | D:3      | Reached XP level 6. HP: 20/34 MP: 5/7
  2982 | D:4      | Found a white marble altar of Elyvilon.
  3004 | D:4      | Found a staircase to the Ecumenical Temple.
  3013 | Temple   | Entered the Ecumenical Temple
  3056 | Temple   | Became a worshipper of Warmaster Okawaru
  3087 | D:4      | Noticed an ogre
  3099 | D:4      | Killed an ogre
  3114 | D:4      | Found a sacrificial altar of Ru.
  3305 | D:4      | Reached skill level 8 in Crossbows
  3448 | D:4      | Found a shimmering altar of Xom.
  3567 | D:5      | Entered Level 5 of the Dungeon
  3616 | D:5      | Noticed a sky beast
  3640 | D:5      | Killed a sky beast
  3640 | D:5      | Reached skill level 1 in Armour
  3640 | D:5      | Reached XP level 7. HP: 22/38 MP: 4/8
  3747 | D:5      | Found a shadowy altar of Dithmenos.
  3754 | D:5      | Noticed a water moccasin
  3772 | D:5      | HP: 10/38 [water moccasin (6)]
  3773 | D:5      | Killed a water moccasin
  3773 | D:5      | Reached skill level 9 in Crossbows
  4017 | D:5      | Reached * piety under Okawaru
  4241 | D:5      | Reached skill level 2 in Armour
  4241 | D:5      | Reached XP level 8. HP: 43/43 MP: 9/9
  4741 | D:6      | Reached skill level 10 in Crossbows
  4741 | D:6      | Reached skill level 3 in Armour
  4987 | D:6      | Found a deep blue altar of Sif Muna.
  5061 | D:6      | Reached skill level 1 in Invocations
  5214 | D:6      | Reached skill level 2 in Invocations
  5246 | D:6      | Reached ** piety under Okawaru
  5246 | D:6      | Reached skill level 2 in Fighting
  5385 | D:6      | Reached skill level 3 in Fighting
  5388 | D:6      | Reached XP level 9. HP: 25/51 MP: 8/10
  5604 | D:7      | Reached skill level 4 in Fighting
  5604 | D:7      | Reached skill level 4 in Armour
  5918 | D:7      | Found a basalt altar of Yredelemnul.
  5953 | D:7      | Found Ohiemmuah's Food Boutique.
  5979 | D:7      | Reached skill level 5 in Fighting
  6016 | D:7      | HP: 10/54 [orc warrior/dire flail (11)]
  6031 | D:7      | HP: 7/54 [orc warrior/dire flail (6)]
  6235 | D:7      | Noticed Pikel
  6255 | D:7      | Killed Pikel
  6255 | D:7      | Reached *** piety under Okawaru
  6255 | D:7      | Reached skill level 7 in Fighting
  6255 | D:7      | Reached skill level 5 in Armour
  6556 | D:7      | Found a radiant altar of Vehumet.
  6785 | D:7      | Reached XP level 10. HP: 54/64 MP: 11/11
  6839 | D:7      | Found a hazy altar of Hepliaklqana.
  6904 | D:7      | Reached skill level 8 in Fighting
  7222 | D:8      | Found a snail-covered altar of Cheibriados.
  7300 | D:8      | Noticed namnharef's ghost (novice HOBe)
  7468 | D:8      | Noticed a two-headed ogre
  7491 | D:7      | Reached skill level 9 in Fighting
  7578 | D:8      | Reached **** piety under Okawaru
  7771 | D:8      | Noticed a two-headed ogre
  7803 | D:8      | Killed a two-headed ogre
  7803 | D:8      | Reached skill level 6 in Armour
  7838 | D:8      | HP: 12/68 [two-headed ogre/giant club (19)]
  7892 | D:8      | Reached skill level 10 in Fighting
  8175 | D:8      | Killed namnharef's ghost
  8175 | D:8      | Reached skill level 3 in Dodging
  8246 | D:8      | Killed a two-headed ogre
  8246 | D:8      | Reached skill level 11 in Fighting
  8246 | D:8      | Reached skill level 4 in Dodging
  8379 | D:8      | Reached XP level 11. HP: 74/74 MP: 10/12
  8734 | D:9      | Received a gift from Okawaru
  8830 | D:9      | Got a shimmering quarterstaff
  8831 | D:9      | Identified the +5 quarterstaff "Bil Naq" {drain, +Fly rN+} (You found it on level 9 of the Dungeon)
  8849 | D:9      | Found a sparkling altar of Nemelex Xobeh.
  8849 | D:9      | Noticed Jessica
  8852 | D:9      | Killed Jessica
  8921 | D:9      | Reached skill level 5 in Dodging
  9238 | D:9      | Found an opulent altar of Gozag.
  9369 | D:9      | Reached skill level 12 in Fighting
  9373 | D:9      | Reached skill level 6 in Dodging
  9392 | D:9      | Found a staircase to the Orcish Mines.
  9885 | D:9      | Reached ***** piety under Okawaru
  9974 | D:8      | Found an ancient bone altar of Kikubaaqudgha.
 10010 | D:10     | Entered Level 10 of the Dungeon
 10388 | D:9      | Noticed an unseen horror
 10416 | D:9      | HP: 20/76 [something (4)]
 10421 | D:9      | HP: 4/76 [something (8)]
 10423 | D:9      | Killed an unseen horror
 11548 | D:9      | Reached skill level 7 in Dodging
 11879 | D:10     | Found a staircase to the Lair.
 11901 | D:10     | Received a gift from Okawaru
 11998 | D:10     | Noticed a two-headed ogre
 12024 | D:10     | Killed a two-headed ogre
 12024 | D:10     | Received a gift from Okawaru
 12024 | D:10     | Reached skill level 13 in Fighting
 12092 | D:10     | HP: 18/78 [electric eel/bolt of electricity (15)]
 12522 | D:10     | Noticed an unseen horror
 12530 | D:10     | Killed an unseen horror
 12530 | D:10     | Received a gift from Okawaru
 12628 | Lair:1   | Entered Level 1 of the Lair of Beasts
 12680 | Lair:1   | Reached XP level 12. HP: 51/84 MP: 13/13
 12847 | Lair:1   | Reached skill level 8 in Dodging
 13155 | Lair:1   | Received a gift from Okawaru
 13496 | Lair:1   | Reached skill level 14 in Fighting
 13954 | Lair:2   | Reached skill level 9 in Dodging
 13970 | Lair:2   | Received a gift from Okawaru
 14143 | Lair:2   | HP: 18/86 [basilisk (12)]
 14472 | Lair:2   | Received a gift from Okawaru
 14637 | Lair:2   | HP: 25/86 [porcupine (4)]
 15172 | Lair:2   | Reached skill level 15 in Fighting
 15742 | Lair:3   | Reached skill level 1 in Staves
 15747 | Lair:3   | Reached skill level 10 in Dodging
 15876 | Lair:3   | Reached skill level 2 in Staves
 15993 | Lair:3   | Reached XP level 13. HP: 72/92 MP: 14/14
 15996 | Lair:3   | Received a gift from Okawaru
 16143 | Lair:3   | Reached skill level 11 in Dodging
 16169 | Lair:3   | Reached skill level 3 in Staves
 16356 | Lair:3   | Noticed a seven-headed hydra
 17217 | Lair:3   | Killed a seven-headed hydra
 17217 | Lair:3   | Reached skill level 4 in Staves
 17217 | Lair:3   | Reached skill level 12 in Dodging
 17495 | Lair:3   | Found a staircase to the Shoals.
 18132 | Lair:4   | Found a staircase to the Snake Pit.
 18138 | Lair:4   | Reached skill level 13 in Dodging
 18357 | Lair:4   | Reached skill level 5 in Staves
 18588 | Lair:4   | Received a gift from Okawaru
 19274 | Lair:4   | Reached skill level 14 in Dodging
 19555 | Lair:4   | Received a gift from Okawaru
 19823 | Lair:4   | HP: 22/92 [black mamba (9)]
 20208 | Lair:4   | Reached XP level 14. HP: 92/98 MP: 15/15
 20252 | Lair:3   | Received a gift from Okawaru
 20252 | Lair:3   | Reached skill level 6 in Staves
 20679 | Lair:5   | Received a gift from Okawaru
 20688 | Lair:5   | Reached skill level 15 in Dodging
 20852 | Lair:5   | Found a staircase to the Slime Pits.
 20988 | Lair:5   | Reached skill level 7 in Staves
 21086 | Lair:5   | Found a hide-covered altar of Uskayaw.
 21288 | Lair:5   | Reached ****** piety under Okawaru
 21520 | Lair:5   | HP: 24/98 [swamp worm (15)]
 21525 | Lair:5   | HP: 22/98 [swamp worm (4)]
 22248 | Lair:5   | Reached skill level 16 in Dodging
 22595 | Lair:6   | Entered Level 6 of the Lair of Beasts
 22608 | Lair:5   | Received a gift from Okawaru
 22669 | Lair:6   | Got a brightly glowing scale mail
 22680 | Lair:6   | Identified the +3 scale mail of Pomituf {Str+2 SInv} (You found it on level 6 of the Lair of Beasts)
 22854 | Lair:6   | Found a labyrinth entrance.
 22864 | Lab      | Entered a labyrinth
 24893 | Lab      | Received a gift from Okawaru
 24902 | Lab      | Identified the Guide on Spatial Combat Magic
 24902 | Lab      | Identified the Volume of Twisted Intoxication
 24903 | Lab      | Got a brightly glowing brass ring
 24904 | Lab      | Got a shimmering spear
 24904 | Lab      | Got a warped lajatang
 24904 | Lab      | Got a smelly scale mail
 24915 | Lab      | Identified the +4 scale mail of the Grue {rElec Regen+} (You found it in a labyrinth)
 24915 | Lab      | Identified the +10 lajatang "Giant's Death" {slice, rC+ rN+++ Int-4} (You found it in a labyrinth)
 24917 | Lab      | Identified the ring "Coniu" {rN+ Dex+3} (You found it in a labyrinth)
 25011 | Lair:6   | Reached skill level 8 in Staves
 25066 | Lair:6   | Received a gift from Okawaru
 25650 | Lair:6   | Reached XP level 15. HP: 72/103 MP: 16/16
 25856 | Lair:6   | Reached skill level 17 in Dodging
 25903 | Lair:6   | Reached skill level 9 in Staves
 26386 | Lair:6   | Identified the +8 spear of the Orcish Mines {drain, rN+} (You found it in a labyrinth)
 27139 | Orc:1    | Entered Level 1 of the Orcish Mines
 27214 | D:9      | Received a gift from Okawaru
 27396 | Orc:2    | Entered Level 2 of the Orcish Mines
 27408 | Orc:2    | Found a roughly hewn altar of Beogh.
 27555 | Orc:2    | Reached skill level 18 in Dodging
 27585 | Orc:2    | Found Qyirizoq's Antique Armour Shoppe.
 27608 | Orc:2    | Reached skill level 10 in Staves
 27638 | Orc:2    | Noticed an orc warlord
 27653 | Orc:2    | HP: 15/103 [orc warlord/enchanted great sword (49)]
 28151 | Orc:2    | Found a staircase to the Elven Halls.
 28171 | Orc:2    | Killed an orc warlord
 28171 | Orc:2    | Received a gift from Okawaru
 28199 | Orc:2    | Bought a pair of embroidered boots for 367 gold pieces
 28204 | Orc:2    | Bought a pair of embroidered boots for 367 gold pieces
 28214 | Orc:2    | Identified a +1 pair of boots of running (You bought it in a shop on level 2 of the Orcish Mines)
 28285 | Orc:2    | Found Qamoagh's Book Shop.
 28305 | Orc:2    | Noticed a stone giant
 28604 | Orc:2    | Killed a stone giant
 28752 | Orc:2    | Found Omesusk's General Store.
 28760 | Orc:2    | Bought a potion of haste for 170 gold pieces
 28760 | Orc:2    | Bought a scroll of blinking for 127 gold pieces
 28764 | Orc:2    | Found Qozin's Antique Weapon Emporium.
 28986 | Orc:1    | Noticed Kidiri's ghost (journeyman DEFE)
 29108 | Orc:1    | Killed Kidiri's ghost
 29279 | Orc:2    | Reached skill level 19 in Dodging
 29833 | Orc:2    | Noticed Saint Roka
 29863 | Orc:2    | HP: 24/103 [Saint Roka/great mace of crushing (9)]
 29870 | Orc:2    | HP: 4/103 [Saint Roka/divine providence (9)]
 30349 | Orc:2    | HP: 28/103 [Saint Roka/divine providence (12)]
 30948 | D:11     | Noticed Sonja
 30967 | D:11     | Received a gift from Okawaru
 30971 | D:11     | Killed Sonja
 31289 | D:11     | Reached skill level 11 in Staves
 31289 | D:11     | Reached XP level 16. HP: 102/108 MP: 15/17
 31438 | D:11     | Gained mutation: You have large cloven feet. [potion of beneficial mutation]
 31439 | D:11     | Gained mutation: You are somewhat resistant to further mutation. [potion of beneficial mutation]
 31688 | D:12     | Received a gift from Okawaru
 32020 | D:12     | Received a gift from Okawaru
 32303 | D:12     | Reached skill level 20 in Dodging
 32546 | D:13     | Received a gift from Okawaru
 32646 | D:13     | Found a frozen archway.
 32666 | D:13     | Received a gift from Okawaru
 32699 | IceCv    | Entered an ice cave
 33069 | D:13     | Reached skill level 12 in Staves
 33098 | D:13     | Reached skill level 21 in Dodging
 33590 | D:13     | Found a gate to the Vaults.
 33696 | D:13     | Noticed Snorg
 33702 | D:13     | Killed Snorg
 34292 | D:14     | Reached skill level 3 in Invocations
 34478 | D:14     | Received a gift from Okawaru
 34947 | D:15     | Entered Level 15 of the Dungeon
 34970 | D:15     | Reached XP level 17. HP: 113/113 MP: 19/19
 34975 | D:15     | Reached skill level 4 in Invocations
 35014 | D:15     | Found a staircase to the Depths.
 35192 | D:15     | Reached skill level 5 in Invocations
 35202 | D:15     | Reached skill level 13 in Staves
 35367 | D:15     | Received a gift from Okawaru
 35385 | D:15     | Reached skill level 6 in Invocations
 36011 | Snake:1  | Entered Level 1 of the Snake Pit
 36242 | Snake:1  | Received a gift from Okawaru
 36242 | Snake:1  | Reached skill level 7 in Invocations
 37045 | Snake:2  | Reached skill level 8 in Invocations
 37058 | Snake:2  | Received a gift from Okawaru
 37068 | Snake:2  | Got a dazzling lajatang {god gift}
 37069 | Snake:2  | Identified the +3 lajatang "Tudol" {protect, Int+4} (Okawaru gifted it to you on level 2 of the Snake Pit)
 37256 | Snake:2  | Reached skill level 14 in Staves
 37266 | Snake:2  | Reached skill level 1 in Stealth
 37266 | Snake:2  | Reached skill level 1 in Evocations
 37332 | Snake:2  | Reached skill level 2 in Stealth
 37414 | Snake:2  | Reached skill level 2 in Evocations
 37543 | Snake:2  | Reached skill level 3 in Stealth
 37636 | Snake:2  | Reached skill level 4 in Stealth
 37636 | Snake:2  | Reached skill level 3 in Evocations
 37854 | Snake:2  | Received a gift from Okawaru
 37854 | Snake:2  | Reached skill level 5 in Stealth
 37854 | Snake:2  | Reached skill level 4 in Evocations
 37858 | Snake:2  | Got a faintly glowing demon trident {god gift}
 37859 | Snake:2  | Identified the +10 demon trident "Caletota" {venom, rElec rC- MR++} (Okawaru gifted it to you on level 2 of the Snake Pit)
 37952 | Snake:2  | Reached XP level 18. HP: 119/119 MP: 24/24
 38106 | Snake:3  | Reached skill level 6 in Stealth
 38112 | Snake:3  | Reached skill level 5 in Evocations
 38385 | Snake:3  | Reached skill level 7 in Stealth
 38492 | Snake:3  | Noticed Mara
 38498 | Snake:3  | Noticed Gorice's illusion
 38516 | Snake:3  | Killed Mara
 38516 | Snake:3  | Reached skill level 8 in Stealth
 38516 | Snake:3  | Reached skill level 6 in Evocations
 38576 | Snake:3  | Received a gift from Okawaru
 38576 | Snake:3  | Reached skill level 7 in Evocations
 38814 | Snake:3  | Reached skill level 9 in Stealth
 38926 | Snake:3  | Noticed Vashnia
 39355 | Snake:3  | Killed Vashnia
 39355 | Snake:3  | Received a gift from Okawaru
 39355 | Snake:3  | Reached skill level 8 in Evocations
 39370 | Snake:3  | Reached skill level 10 in Stealth
 39827 | Snake:4  | Entered Level 4 of the Snake Pit
 39894 | Snake:4  | Noticed Jorgrun
 39914 | Snake:4  | Killed Jorgrun
 39914 | Snake:4  | Received a gift from Okawaru
 39914 | Snake:4  | Reached skill level 9 in Evocations
 39918 | Snake:4  | HP: 29/119 [salamander mystic/quarterstaff (16)]
 40121 | Snake:4  | Received a gift from Okawaru
 40355 | Snake:4  | Reached skill level 11 in Crossbows
 40470 | Snake:4  | Reached skill level 10 in Evocations
 40867 | Snake:4  | Reached XP level 19. HP: 124/124 MP: 26/26
 40950 | Snake:4  | Noticed Aizul
 40965 | Snake:4  | Killed Aizul
 40965 | Snake:4  | Reached skill level 7 in Armour
 41195 | Snake:4  | Reached skill level 12 in Crossbows
 41568 | Snake:4  | Received a gift from Okawaru
 41703 | Snake:4  | Upgraded the game from 0.20-a0-386-g2d247ea to 0.20-a0-390-g4892b34
 42145 | Snake:4  | Reached skill level 8 in Armour
 42183 | Snake:4  | Received a gift from Okawaru
 42319 | Snake:4  | Reached skill level 13 in Crossbows
 42391 | Snake:4  | Received a gift from Okawaru
 42573 | Snake:4  | HP: 37/124 [naga sharpshooter/arrow (13)]
 42859 | Snake:4  | HP: 25/124 [nagaraja/spear (19)]
 42860 | Snake:4  | HP: 9/124 [nagaraja/poison arrow (17)]
 42866 | Snake:3  | HP: 7/124 [poisoned by a nagaraja (poison arrow)]
 42871 | Snake:3  | HP: 6/124 [poisoned by a nagaraja (poison arrow)]
 42877 | Snake:3  | HP: 7/124 [poisoned by a nagaraja (poison arrow)]
 42883 | Snake:3  | HP: 10/124 [poisoned by a nagaraja (poison arrow)]
 42891 | Snake:3  | HP: 13/124 [poisoned by a nagaraja (poison arrow)]
 43626 | Snake:4  | Got a serpentine rune of Zot
 44111 | Shoals:1 | Entered Level 1 of the Shoals
 44173 | Shoals:1 | Reached skill level 9 in Armour
 44448 | Shoals:1 | Upgraded the game from 0.20-a0-390-g4892b34 to 0.20-a0-420-g83c570d
 44623 | Shoals:1 | Noticed Roxanne
 44657 | Shoals:1 | Reached skill level 14 in Crossbows
 44731 | Shoals:1 | Noticed Frances
 44761 | Shoals:1 | Killed Frances
 45604 | Shoals:2 | Reached XP level 20. HP: 77/129 MP: 27/27
 45802 | Shoals:2 | Received a gift from Okawaru
 45803 | Shoals:2 | Got an encrusted hat {god gift}
 45814 | Shoals:2 | Identified the +1 hat "Roses" {Dex+3 SInv} (Okawaru gifted it to you on level 2 of the Shoals)
 46077 | Shoals:2 | Reached skill level 10 in Armour
 46617 | Shoals:3 | Noticed Donald
 46623 | Shoals:3 | Killed Donald
 46712 | Shoals:3 | Found Nibiqit's Weapon Shop.
 46921 | Shoals:3 | Reached skill level 15 in Crossbows
 46963 | Shoals:3 | Noticed Kirke
 46976 | Shoals:3 | Killed Kirke
 47238 | Shoals:3 | Noticed Polyphemus
 47256 | Shoals:3 | Killed Polyphemus
 47761 | Shoals:4 | Entered Level 4 of the Shoals
 47772 | Shoals:4 | Found a white marble altar of Elyvilon.
 48355 | Shoals:4 | HP: 26/129 [merfolk javelineer/javelin of penetration (24)]
 48372 | Shoals:4 | HP: 28/129 [merfolk javelineer/poisoned javelin (16)]
 48377 | Shoals:4 | HP: 26/129 [poisoned by a merfolk javelineer]
 48383 | Shoals:4 | HP: 24/129 [poisoned by a merfolk javelineer]
 48484 | Shoals:4 | HP: 25/129 [drowned by a drowned soul[a merfolk avatar] (15)]
 48485 | Shoals:4 | HP: 12/129 [merfolk javelineer/javelin (13)]
 48496 | Shoals:4 | HP: 13/129 [drowned by a drowned soul[a merfolk avatar] (9)]
 48515 | Shoals:4 | Noticed Ilsuiw
 48516 | Shoals:4 | HP: 6/129 [wind drake/the air (33)]
 48516 | Shoals:4 | Killed from afar by a wind drake

Vault maps used:
D:1:      matt_arrival_grand_opening, minmay_door_square
D:2:      lemuel_crystal_altar, old_standard_altar, grunt_temple_overflow_open
D:3:      serial_undead, serial_undead_f, serial_undead_f, serial_undead_d,
          serial_undead_c, corexii_item_surrounded_by_moat, uniq_iyjb,
          uniq_natasha
D:4:      xom_teletrap_fun, elyvilon_altar_4, hangedman_ru_absence,
          glass_columns_a
D:5:      first_bread, nicolae_dithmenos_shadow_blocks
D:6:      tgw_sif
D:7:      lemuel_doored_altar, overflow_temple_1_default, serial_shops,
          shop_fountains, grunt_ogre_cave, hex_tiny, yredelemnul_altar_generic,
          uniq_pikel
D:8:      nicolae_overflow_crystal_walls, nicolae_overflow_hidden_temple,
          minmay_misc_feat_four_crosses, grunt_ministairs_8
D:9:      kennysheep_mini, erik_orc_3, nemelex_lonely_heart_becter
D:10:     minmay_lair_entry_lava, serial_bayou, serial_bayou_shore_b,
          serial_bayou_pond_a, serial_bayou_lagoon_a, serial_bayou_shore_a
D:11:     uniq_sonja
D:13:     grunt_vaults_entry_tiered, portal_ice_cave_entry_imps, uniq_snorg
D:14:     minmay_misc_feat_rugged
D:15:     hangedman_depths_entry_civil_slaughter
Temple:   corrupted_temple
Lair:1:   infiniplex_staircase_pool_2, serial_bayou_shore_b
Lair:2:   grunt_megastairs_3
Lair:3:   minmay_shoals_entry_hut, beast_lair_carwin_4, lemuel_fruit_fields
Lair:4:   minmay_snake_entry_six_corridors, minivault_11, beast_lair_carwin_5
Lair:5:   minmay_slime_entry_pillars, basic_altar, worms_lemuel
Lair:6:   evilmike_catoblepas_cave, lab_entry_generic, lemuel_fruit_tree
Shoals:1: uniq_roxanne, uniq_frances
Shoals:2: abandoned_shop, st_sunken_huts
Shoals:3: serial_shops, shop, uniq_polyphemus, uniq_donald, uniq_kirke
Shoals:4: shoals_end_hangedman, shoal_ilsuiw, lemuel_oklob_altar
Snake:1:  grunt_ministairs_2, st_stairs_1
Snake:2:  grunt_ministairs_9, grunt_megastairs_2
Snake:3:  uniq_mara, uniq_vashnia
Snake:4:  johnstein_snake_rune_scales, serial_bayou, serial_bayou_pond_b,
          serial_bayou_pond_d, serial_bayou_pond_a, serial_bayou_ford_a,
          uniq_jorgrun, uniq_aizul
Orc:2:    grunt_orc_gardens, grunt_orc_garden, grunt_orc_garden,
          grunt_orc_garden, grunt_orc_garden, basic_altar, uniq_saint_roka
IceCv:    ice_cave_statue_garden_teleport

Skill      XL: |  1  2  3  4  5  6  7  8  9 10 11 12 13 14 15 16 17 18 19 20 |
---------------+-------------------------------------------------------------+-----
Crossbows      | 3 4 5 7 8 9 10 11 14 15 | 15.8
Armour         | 1 2 3 5 6 9 10 | 10.5
Invocations    | 2 3 8 |  8.4
Fighting       | 3 7 11 13 15 | 15.2
Dodging        | 4 7 10 14 16 19 21 | 21.6
Staves         | 2 5 8 11 12 14 | 14.0
Stealth        | 5 10 | 10.0
Evocations     | 4 10 | 10.0
Spellcasting   | |  1.1
Hexes          | |  3.0

Action                   |  1- 3 |  4- 6 |  7- 9 | 10-12 | 13-15 | 16-18 | 19-21 || total
-------------------------+-------+-------+-------+-------+-------+-------+-------++-------
Melee: Flail             |       |       |    33 |       |       |       |       ||    33
       Quarterstaff      |       |       |       |    63 |   491 |       |       ||   554
       Hand crossbow     |       |       |       |     1 |     2 |     1 |       ||     4
       Lajatang          |       |       |       |       |   424 |  1211 |   520 ||  2155
 Fire: Hand crossbow     |    65 |   107 |   305 |   890 |   723 |   363 |       ||  2453
       Arbalest          |       |       |       |       |       |    83 |   533 ||   616
Throw: Tomahawk          |       |       |       |     7 |     1 |     1 |       ||     9
       Throwing net      |       |       |       |       |       |     1 |     1 ||     2
 Cast: Corona            |    14 |    37 |     7 |    81 |    29 |    12 |       ||   180
Invok: Heroism           |       |       |     6 |    15 |    21 |     6 |    10 ||    58
       Finesse           |       |       |       |       |     3 |     2 |     2 ||     7
Evoke: Wand              |       |       |       |     1 |     1 |       |     1 ||     3
  Use: Scroll            |     7 |     5 |     3 |    13 |    15 |    10 |     7 ||    60
       Potion            |       |       |     1 |     2 |     2 |     3 |     9 ||    17
 Stab: Petrified         |       |       |       |       |     2 |       |       ||     2
       Invisible         |       |       |       |       |     1 |       |       ||     1
       Distracted        |       |       |       |       |       |     1 |       ||     1
       Sleeping          |       |       |       |       |       |     1 |       ||     1
       Paralysed         |       |       |       |       |       |       |     1 ||     1
  Eat: Chunk             |    11 |     7 |    11 |    39 |    52 |    29 |    27 ||   176
Armor: Robe              |     6 |    11 |       |       |       |       |       ||    17
       Chain mail        |       |    13 |    42 |       |       |       |       ||    55
       Ring mail         |       |       |    41 |   203 |   184 |       |       ||   428
       Scale mail        |       |       |       |       |   106 |   225 |   120 ||   451
Dodge: Dodged            |    17 |    41 |   127 |   579 |  1287 |  1463 |   728 ||  4242

Table legend:
 A = Turns spent in this place as a percentage of turns spent in the entire game.
 B = Non-inter-level travel turns spent in this place as a percentage of non-inter-level travel turns spent in the entire game.
 C = Inter-level travel turns spent in this place as a percentage of turns spent in this place.
 D = Turns resting spent in this place as a percentage of non-inter-level travel turns spent in this place.
 E = Turns spent auto-exploring this place as a percentage of non-inter-level travel turns spent in this place.
 F = Non-inter-level travel turns spent in this place divided by the number of levels of this place that you've seen.
                   A       B       C       D       E      F
               +-------+-------+-------+-------+-------+----------------------
         Total | 100.0 | 100.0 |   0.5 |   1.9 |   2.7 | 638.9
       Dungeon |  32.5 |  32.5 |   0.5 |   1.3 |   4.2 | 470.7
        Temple |   0.2 |   0.2 |   2.0 |   0.0 |   0.0 |  48.0
          Lair |  23.8 |  23.8 |   0.7 |   1.7 |   2.5 | 860.8
        Shoals |  10.3 |  10.3 |   0.4 |   1.6 |   2.2 | 561.0
     Snake Pit |  17.2 |  17.3 |   0.3 |   4.1 |   2.7 | 937.2
  Orcish Mines |   5.1 |   5.1 |   0.5 |   2.6 |   1.9 | 556.5
     Labyrinth |  10.2 |  10.2 |   0.0 |   0.0 |   0.0 | 2224.0
      Ice Cave |   0.5 |   0.5 |   0.0 |   1.7 |   0.0 | 119.0
               +-------+-------+-------+-------+-------+----------------------

Vault maps used:
D:1:      matt_arrival_grand_opening, minmay_door_square
D:2:      lemuel_crystal_altar, old_standard_altar, grunt_temple_overflow_open
D:3:      serial_undead, serial_undead_f, serial_undead_f, serial_undead_d,
          serial_undead_c, corexii_item_surrounded_by_moat, uniq_iyjb,
          uniq_natasha
D:4:      xom_teletrap_fun, elyvilon_altar_4, hangedman_ru_absence,
          glass_columns_a
D:5:      first_bread, nicolae_dithmenos_shadow_blocks
D:6:      tgw_sif
D:7:      lemuel_doored_altar, overflow_temple_1_default, serial_shops,
          shop_fountains, grunt_ogre_cave, hex_tiny, yredelemnul_altar_generic,
          uniq_pikel
D:8:      nicolae_overflow_crystal_walls, nicolae_overflow_hidden_temple,
          minmay_misc_feat_four_crosses, grunt_ministairs_8
D:9:      kennysheep_mini, erik_orc_3, nemelex_lonely_heart_becter
D:10:     minmay_lair_entry_lava, serial_bayou, serial_bayou_shore_b,
          serial_bayou_pond_a, serial_bayou_lagoon_a, serial_bayou_shore_a
D:11:     uniq_sonja
D:13:     grunt_vaults_entry_tiered, portal_ice_cave_entry_imps, uniq_snorg
D:14:     minmay_misc_feat_rugged
D:15:     hangedman_depths_entry_civil_slaughter
Temple:   corrupted_temple
Lair:1:   infiniplex_staircase_pool_2, serial_bayou_shore_b
Lair:2:   grunt_megastairs_3
Lair:3:   minmay_shoals_entry_hut, beast_lair_carwin_4, lemuel_fruit_fields
Lair:4:   minmay_snake_entry_six_corridors, minivault_11, beast_lair_carwin_5
Lair:5:   minmay_slime_entry_pillars, basic_altar, worms_lemuel
Lair:6:   evilmike_catoblepas_cave, lab_entry_generic, lemuel_fruit_tree
Shoals:1: uniq_roxanne, uniq_frances
Shoals:2: abandoned_shop, st_sunken_huts
Shoals:3: serial_shops, shop, uniq_polyphemus, uniq_donald, uniq_kirke
Shoals:4: shoals_end_hangedman, shoal_ilsuiw, lemuel_oklob_altar
Snake:1:  grunt_ministairs_2, st_stairs_1
Snake:2:  grunt_ministairs_9, grunt_megastairs_2
Snake:3:  uniq_mara, uniq_vashnia
Snake:4:  johnstein_snake_rune_scales, serial_bayou, serial_bayou_pond_b,
          serial_bayou_pond_d, serial_bayou_pond_a, serial_bayou_ford_a,
          uniq_jorgrun, uniq_aizul
Orc:2:    grunt_orc_gardens, grunt_orc_garden, grunt_orc_garden,
          grunt_orc_garden, grunt_orc_garden, basic_altar, uniq_saint_roka
IceCv:    ice_cave_statue_garden_teleport
